 Dungeon Crawl Stone Soup version 0.28-a0-893-g5e322aebe8 (webtiles) character file.

Game seed: 7404726099179639012

2433 Ijustatesigmund the Chopper (level 9, -1/74 HPs)
             Began as a Gnoll Cinder Acolyte on Nov 22, 2021.
             Was a Believer of Ignis.
             Slain by a vampire (10 damage)
             ... on level 8 of the Dungeon.
             The game lasted 00:18:13 (11064 turns).

Ijustatesigmund the Chopper (Gnoll Cinder Acolyte) Turns: 11064, Time: 00:18:14

Health: -1/74      AC:  3    Str: 14    XL:     9   Next: 48%
Magic:  16/16      EV: 14    Int: 16    God:    Ignis [**....]
Gold:   547        SH:  4    Dex:  8    Spells: 16/18 levels left

rFire   + . .      SeeInvis .   a - +0 hand axe (flame)
rCold   + . .      Faith    .   d - +0 buckler
rNeg    . . .      Spirit   .   b - +0 scale mail
rPois   .          Reflect  .   s - +2 hat
rElec   .          Harm     .   (no cloak)
rCorr   .          Rampage  .   (no gloves)
Will    .....                   e - +1 pair of boots
Stlth   +.........              (no amulet)
HPRegen 0.22/turn               m - +4 ring of evasion
MPRegen 0.15/turn               g - ring of protection from cold

@: about to teleport, corroded, attractive
A: fangs 1, strong nose, distributed training
a: Renounce Religion, Sea of Fire, Foxfire Swarm, Rising Flame


You were on level 8 of the Dungeon.
You worshipped Ignis.
Ignis was pleased with you.
You visited 1 branch of the dungeon, and saw 8 of its levels.
You also visited: Ossuary.

You collected 547 gold pieces.

Inventory:

Hand Weapons
 a - a +0 hand axe of flaming (weapon)
 j - a +0 war axe
 q - a +1 flail of protection
 t - a +1 morningstar
Armour
 b - a +0 scale mail (worn)
 d - a +0 buckler (worn)
 e - a +1 pair of boots (worn)
 s - a +2 hat (worn)
Jewellery
 g - a ring of protection from cold (right hand)
 m - a +4 ring of evasion (left hand)
Scrolls
 c - 7 scrolls of teleportation
 l - 4 scrolls of identify
 p - a scroll of fog
 u - a scroll of enchant weapon
 y - 2 scrolls of immolation
Potions
 f - a potion of heal wounds
 h - 3 potions of mutation
 i - 2 potions of brilliance
 k - a potion of curing
 n - 2 potions of attraction
 o - 2 potions of degeneration {unknown}
 v - a potion of lignification {unknown}
 w - 4 potions of might {unknown}


   Skills:
 + Level 7.9 Fighting
 + Level 4.3 Short Blades
 + Level 4.3 Long Blades
 + Level 7.9 Axes
 + Level 4.3 Maces & Flails
 + Level 4.3 Polearms
 + Level 4.3 Staves
 + Level 4.3 Slings
 + Level 4.3 Bows
 + Level 4.3 Crossbows
 + Level 4.3 Throwing
 + Level 4.3 Armour
 + Level 4.3 Dodging
 + Level 4.3 Stealth
 + Level 4.3 Shields
 + Level 4.3 Unarmed Combat
 + Level 5.2 Spellcasting
 + Level 3.5 Conjurations
 + Level 3.5 Hexes
 + Level 3.5 Summonings
 + Level 3.5 Necromancy
 + Level 3.5 Translocations
 + Level 3.5 Transmutations
 + Level 6.6 Fire Magic
 + Level 3.5 Ice Magic
 + Level 3.5 Air Magic
 + Level 3.5 Earth Magic
 + Level 3.5 Poison Magic
 + Level 4.7 Invocations
 + Level 4.3 Evocations


You had 16 spell levels left.
You knew the following spells:

 Your Spells              Type           Power      Damage    Failure   Level
a - Scorch                Fire           50%        2d7       6%          2

Your spell library contained the following spells:

 Spells                   Type           Power      Damage    Failure   Level
 Corpse Rot               Necr/Air       30%        N/A       21%         2
 Poisonous Vapours        Pois/Air       30%        N/A       21%         2
 Alistair's Intoxication  Tmut/Pois      10%        N/A       98%         5
 Borgnjor's Vile Clutch   Necr/Erth      7%         N/A       98%         5
 Eringya's Noxious Bog    Tmut/Pois      7%         N/A       100%        6


Dungeon Overview and Level Annotations

Branches:
Dungeon (8/15)             Temple (0/1) D:6         Ossuary (visited)
   Lair: D:8-11

Altars:
Elyvilon
Trog
Xom


Innate Abilities, Weirdness & Mutations

You have very sharp teeth.
Your uncanny sense of smell can sniff out nearby items.
Your experience applies equally to all skills.


Message History

The foxfire hits the vampire but does no damage.
The vampire is lightly damaged.
The foxfire hits the howler monkey.
The howler monkey is almost dead.
The acid dragon closely misses you.
The acid dragon claws you but does no damage.
The vampire gestures at you while chanting.
You are confused.
The howler monkey hits you.
You feel much better. The howler monkey barely misses you.
The vampire hits you! The vampire bites you.
The vampire draws strength from your injuries!
The acid dragon bites you!
The acid dragon claws you but does no damage.
You bump into the rock wall.
The howler monkey misses you. The vampire barely misses you.
The vampire bites you.
The vampire draws strength from your injuries!
The acid dragon spits acid at you. The splash of acid hits you!
The acid corrodes you!
You hit the acid dragon but do no damage.
Your bite misses the acid dragon.
The acid dragon is moderately wounded.
You hit the howler monkey but do no damage.
You closely miss the vampire. The howler monkey closely misses you.
The vampire barely misses you. The vampire bites you!
* * * LOW HITPOINT WARNING * * *
The vampire draws strength from your injuries!
The acid dragon barely misses you. The acid dragon closely misses you.
You are too confused!
You feel better. The howler monkey barely misses you.
The vampire barely misses you. The vampire bites you!
* * * LOW HITPOINT WARNING * * *
The vampire draws strength from your injuries!
The acid dragon misses you.
The acid dragon claws you but does no damage.
As you read the scroll of teleportation, it crumbles to dust.
You feel strangely unstable. The howler monkey hits you!
* * * LOW HITPOINT WARNING * * *
The vampire hits you!
You die...

# #...........
..##..###
###########.
#.#.......# #.
#.#.......# #.
..........# #.
..........# #.
..........#####
#.
......VD.......
#. ......h@..#
.<
#.....#.#####
#.... #...).#
#.#. #####.# #
# #.# #.# #.#
#.# #.#


You could see a vampire, an acid dragon (catching breath) and a howler monkey.

Vanquished Creatures
  Prince Ribbit (D:8)
  Grinder (D:5)
  Edmund (D:5)
  2 water moccasins
  A black bear (D:5)
  An ogre (D:6)
  A centaur (D:8)
  2 bullfrogs
  2 scorpions
  3 water moccasin zombies (Ossuary)
  3 wights (D:6)
  2 bullfrog zombies
  A centaur skeleton (D:7)
  A centaur zombie (D:6)
  4 hounds
  2 jellies (D:5)
  2 bullfrog skeletons (D:6)
  4 iguanas
  3 orc wizards (D:6)
  Natasha (thrice) (D:4)
  A hound zombie (D:5)
  2 hound skeletons
  2 mummies (Ossuary)
  9 adders
  A shadow imp (D:7)
  A white imp (D:7)
  An ufetubus (D:6)
  8 adder zombies (Ossuary)
  2 worms
  A dart slug (D:2)
  6 orcs
  6 ball pythons
  8 bats
  5 endoplasms
  3 giant cockroaches
  4 gnoll zombies (Ossuary)
  11 goblins
  3 hobgoblins (D:7)
  15 kobolds
  2 quokkas
  3 frilled lizards
  5 hobgoblin zombies (Ossuary)
  4 kobold zombies (Ossuary)
  An orc zombie (Ossuary)
  A quokka zombie (D:7)
  8 rats
  A rat zombie (D:7)
154 creatures vanquished.

Vanquished Creatures (collateral kills)
  A bullfrog zombie (D:7)
1 creature vanquished.

Vanquished Creatures (others)
  40 foxfires
  19 plants
59 creatures vanquished.

Grand Total: 214 creatures vanquished

Notes
Turn   | Place    | Note
-------+----------+-------------------------------------------
     0 | D:1      | Ijustatesigmund the Gnoll Cinder Acolyte began the quest
                  | for the Orb.
     0 | D:1      | Reached XP level 1. HP: 23/23 MP: 4/4
   443 | D:1      | Reached XP level 2. HP: 29/29 MP: 5/5
  1180 | D:2      | Reached skill level 1 in Invocations
  1180 | D:2      | Reached XP level 3. HP: 17/35 MP: 7/7
  1280 | D:2      | Reached skill level 1 in Short Blades
  1280 | D:2      | Reached skill level 1 in Long Blades
  1280 | D:2      | Reached skill level 1 in Maces & Flails
  1280 | D:2      | Reached skill level 1 in Polearms
  1280 | D:2      | Reached skill level 1 in Staves
  1280 | D:2      | Reached skill level 1 in Slings
  1280 | D:2      | Reached skill level 1 in Bows
  1280 | D:2      | Reached skill level 1 in Crossbows
  1280 | D:2      | Reached skill level 1 in Throwing
  1280 | D:2      | Reached skill level 1 in Armour
  1280 | D:2      | Reached skill level 1 in Dodging
  1280 | D:2      | Reached skill level 1 in Stealth
  1280 | D:2      | Reached skill level 1 in Shields
  1280 | D:2      | Reached skill level 1 in Unarmed Combat
  1280 | D:2      | Reached skill level 1 in Evocations
  1280 | D:2      | Reached XP level 4. HP: 11/41 MP: 8/8
  2146 | D:2      | Found a shimmering altar of Xom.
  2430 | D:2      | Reached skill level 1 in Conjurations
  2430 | D:2      | Reached skill level 1 in Hexes
  2430 | D:2      | Reached skill level 1 in Summonings
  2430 | D:2      | Reached skill level 1 in Necromancy
  2430 | D:2      | Reached skill level 1 in Translocations
  2430 | D:2      | Reached skill level 1 in Transmutations
  2430 | D:2      | Reached skill level 1 in Ice Magic
  2430 | D:2      | Reached skill level 1 in Air Magic
  2430 | D:2      | Reached skill level 1 in Earth Magic
  2430 | D:2      | Reached skill level 1 in Poison Magic
  2571 | D:2      | Learned a level 2 spell: Scorch
  3466 | D:3      | Found a faded altar of an unknown god.
  3483 | D:3      | Reached XP level 5. HP: 45/47 MP: 9/9
  4404 | D:4      | Noticed Natasha
  4413 | D:4      | Killed Natasha
  4414 | D:4      | Reached XP level 6. HP: 47/53 MP: 10/10
  4496 | D:4      | Noticed Natasha
  4505 | D:4      | Killed Natasha
  4636 | D:4      | Noticed Natasha
  4649 | D:4      | Killed Natasha
  5424 | D:5      | Entered Level 5 of the Dungeon
  5673 | D:5      | Reached XP level 7. HP: 58/59 MP: 12/12
  6334 | D:5      | Noticed Grinder
  6342 | D:5      | Paralysed by Grinder for 4 turns
  6349 | D:5      | Killed Grinder
  6566 | D:5      | Reached XP level 8. HP: 29/67 MP: 9/14
  6782 | D:5      | Noticed Edmund
  6821 | D:5      | Killed Edmund
  7257 | D:6      | Found a white marble altar of Elyvilon.
  8194 | D:6      | Found a staircase to the Ecumenical Temple.
  8787 | D:7      | Reached XP level 9. HP: 54/72 MP: 16/16
  9149 | D:7      | Found a sand-covered staircase.
  9156 | Ossuary  | Entered an ossuary
  9399 | Ossuary  | Reached skill level 5 in Spellcasting
  9694 | D:7      | Found a bloodstained altar of Trog.
  9978 | D:8      | Noticed Prince Ribbit
  9987 | D:8      | Killed Prince Ribbit
 11064 | D:8      | Slain by a vampire

Illustrated notes

Levels and vault maps discovered:
D:1:      ncdulo_smallfort, layout_basic, item_on_display_b
D:2:      wander_river, layout_loops_ring, basic_altar, lexackson_kobold_supper
D:3:      layout_loops_ring, dilly_ecumenical_altar_fadedgnrine,
          grunt_ministairs_6
D:4:      layout_basic, uniq_natasha
D:5:      layout_basic, kennysheep_small_square, uniq_grinder, uniq_edmund
D:6:      layout_basic, elyvilon_altar_5, minmay_temple_entry_junction
D:7:      layout_cave_pods, trog_hazing_becter, enter_ossuary_4
D:8:      layout_loops_ring, uniq_prince_ribbit1

Skill      XL: |  1  2  3  4  5  6  7  8  9 |
---------------+----------------------------+-----
Invocations    | 1 2 3 4 |  4.7
Short Blades   | 1 2 3 4 |  4.3
Long Blades    | 1 2 3 4 |  4.3
Maces & Flails | 1 2 3 4 |  4.3
Polearms       | 1 2 3 4 |  4.3
Staves         | 1 2 3 4 |  4.3
Slings         | 1 2 3 4 |  4.3
Bows           | 1 2 3 4 |  4.3
Crossbows      | 1 2 3 4 |  4.3
Throwing       | 1 2 3 4 |  4.3
Armour         | 1 2 3 4 |  4.3
Dodging        | 1 2 3 4 |  4.3
Stealth        | 1 2 3 4 |  4.3
Shields        | 1 2 3 4 |  4.3
Unarmed Combat | 1 2 3 4 |  4.3
Evocations     | 1 2 3 4 |  4.3
Spellcasting   | 3 4 5 |  5.2
Conjurations   | 1 2 3 |  3.5
Hexes          | 1 2 3 |  3.5
Summonings     | 1 2 3 |  3.5
Necromancy     | 1 2 3 |  3.5
Translocations | 1 2 3 |  3.5
Transmutations | 1 2 3 |  3.5
Ice Magic      | 1 2 3 |  3.5
Air Magic      | 1 2 3 |  3.5
Earth Magic    | 1 2 3 |  3.5
Poison Magic   | 1 2 3 |  3.5
Fighting       | 7 |  7.9
Axes           | 7 |  7.9
Fire Magic     | 6 |  6.6

Action                   |  1- 3 |  4- 6 |  7- 9 || total
-------------------------+-------+-------+-------++-------
Melee: Hand axe          |    62 |   213 |   358 ||   633
       Bite              |     7 |    14 |    32 ||    53
 Cast: Scorch            |       |    13 |    56 ||    69
Invok: Sea of Fire       |     1 |       |     2 ||     3
       Foxfire Swarm     |       |     1 |     4 ||     5
  Use: Scroll            |       |     7 |     8 ||    15
       Potion            |       |       |     6 ||     6
 Stab: Sleeping          |       |     5 |       ||     5
Armor: Robe              |     6 |    43 |       ||    49
       Leather armour    |       |       |    10 ||    10
       Scale mail        |       |       |   146 ||   146
Dodge: Dodged            |    40 |   119 |   248 ||   407
Block: Buckler           |       |       |    68 ||    68

Table legend: (Time is in decaauts)
 A = Elapsed time spent in this place.
 B = Non-inter-level travel time spent in this place.
 C = Inter-level travel time spent in this place.
 D = Time resting spent in this place.
 E = Time spent auto-exploring this place.
 F = Levels seen in this place.
 G = Mean time per level.
                   A        B        C        D        E       F      G
               +--------+--------+--------+--------+--------+-----+--------+
         Total |  11056 |  10550 |    506 |   3397 |   5705 |   9 | 1228.4 |
       Dungeon |  10658 |  10152 |    506 |   3397 |   5476 |   8 | 1332.2 |
       Ossuary |    398 |    398 |      0 |      0 |    229 |   1 |  398.0 |
               +--------+--------+--------+--------+--------+-----+--------+

Top non-repeatable levels by time:
     D:4: 1725 daAuts
     D:2: 1693 daAuts
     D:5: 1573 daAuts
     D:6: 1348 daAuts
     D:1: 1292 daAuts
     D:8: 1085 daAuts
     D:7: 1012 daAuts
     D:3: 926 daAuts
 Ossuary: 398 daAuts
